 Dungeon Crawl Stone Soup version 0.29-a0-284-gf9362112df (webtiles) character file.

Game seed: 12782805538301686613

62 being54 the Sneak (level 3, -2/16 HPs)
             Began as a Spriggan Enchanter on Mar 21, 2022.
             Killed by nerve-wracking pain
             ... invoked by a shadow imp
             ... summoned by Natasha
              (9 damage)
             ... on level 2 of the Dungeon.
             The game lasted 00:05:55 (1766 turns).

being54 the Sneak (Spriggan Enchanter)              Turns: 1766, Time: 00:05:55

Health: -2/16      AC:  2    Str:  4    XL:     3   Next: 85%
Magic:  8/8        EV: 18    Int: 16    God:
Gold:   94         SH:  0    Dex: 17    Spells: 5/7 levels left

rFire   . . .      SeeInvis +   a - +2 dagger
rCold   . . .      Faith    .   (no shield)
rNeg    . . .      Spirit   .   b - +0 robe
rPois   .          Reflect  .   (helmet restricted)
rElec   .          Harm     .   f - scarf {shadows}
rCorr   .          Rampage  .   (gloves unavailable)
Will    .....                   (boots unavailable)
Stlth   +++.......              (no amulet)
HPRegen 0.05/turn               (no ring)
MPRegen 0.11/turn               (no ring)

@: very quick
A: very small, no large weapons, unfitting armour, see invisible, speed 3
a: no special abilities


You were on level 2 of the Dungeon.
You visited 1 branch of the dungeon, and saw 2 of its levels.

You collected 94 gold pieces.

Inventory:

Hand Weapons
 a - a +2 dagger (weapon)
Armour
 b - a +0 robe (worn)
 f - a scarf of shadows (worn)
Wands
 g - a wand of flame (24)
Scrolls
 j - a scroll of teleportation {unknown}
Potions
 c - 2 potions of invisibility
 d - a potion of curing
 e - a potion of flight {unknown}
 h - 2 potions of resistance {unknown}
 i - a potion of cancellation {unknown}


   Skills:
 * Level 3.1 Short Blades
 + Level 3.6 Dodging
 + Level 5.2 Stealth
 - Level 2.6 Spellcasting
 - Level 3.6 Hexes


You had 5 spell levels left.
You knew the following spells:

 Your Spells              Type           Power      Damage    Failure   Level
a - Ensorcelled Hibernat  Hex/Ice        14%        N/A       14%         2

Your spell library contained the following spells:

 Spells                   Type           Power      Damage    Failure   Level
 Confusing Touch          Hex            13%        N/A       13%         3
 Tukima's Dance           Hex            13%        N/A       13%         3
 Dazzling Flash           Conj/Hex       14%        N/A       28%         3
 Animate Dead             Necr           1%         N/A       88%         4
 Iskenderun's Mystic Bla  Conj/Tloc      2%         2d3       88%         4
 Borgnjor's Vile Clutch   Necr/Erth      1%         N/A       99%         5
 Death Channel            Necr           1%         N/A       100%        6
 Starburst                Conj/Fire      1%         6d3       100%        6


Dungeon Overview and Level Annotations

Branches:
Dungeon (2/15)

Altars:

Annotations:
D:2 Natasha


Innate Abilities, Weirdness & Mutations

You are very small and have problems with some larger weapons.
You are too small for most types of armour.
You have supernaturally acute eyesight. (SInv)
You cover ground extremely quickly. (Speed+++)


Message History

The kobold completely misses you.
You barely miss the kobold.
The kobold is moderately wounded.
You hit the kobold.
The kobold is severely wounded.
The kobold closely misses you.
You hit the kobold.
You kill the kobold!
You now have 77 gold pieces (gained 13).
There is an open door here.
Things that are here:
a +0 rapier; an adder corpse You start resting.
HP restored.
You open the door.
There is an open door here.
You now have 94 gold pieces (gained 17).
j - a scroll labelled BOREMA MUOTTAU Natasha, Servant of Life and Death comes into view.
Natasha hisses angrily.
Natasha mewls in sadness.
Natasha closely misses you.
You closely miss Natasha.
Natasha howls an incantation.
You feel disoriented. Natasha completely misses you.
You closely miss Natasha.
Natasha mumbles some strange words.
You barely miss Natasha. Natasha claws you!
You hit Natasha.
Natasha is lightly wounded.
The shadow imp hits you.
Natasha mewls in sadness.
Natasha misses you.
You hit Natasha.
Natasha is lightly wounded.
The shadow imp gestures at you. Pain shoots through your body!
Ouch! That really hurt!
You die...

#.### ###.#.. ...#.#
### ######.#.# ..
....#....# # .# #
#.......
#.###.##.#.#####....#
#..5.h...#........#..
#@.# #######.### #.##
#.# #.# ##'## #.#
##...## #.####
##.....# #.##.##
##.......
#.#...####........
#........'........
#.#...####........


You could see Natasha and a shadow imp (summoned).

Vanquished Creatures
  3 adders (D:2)
  3 dart slugs
  5 endoplasms
  2 giant cockroaches (D:1)
  3 kobolds
  3 quokkas
  3 ball pythons (D:1)
  2 bats (D:1)
  4 frilled lizards
  3 rats (D:2)
31 creatures vanquished.

Vanquished Creatures (others)
  8 plants (D:2)
8 creatures vanquished.

Grand Total: 39 creatures vanquished

Notes
Turn   | Place    | Note
-------+----------+-------------------------------------------
     0 | D:1      | being54 the Spriggan Enchanter began the quest for the Orb.
     0 | D:1      | Reached XP level 1. HP: 9/9 MP: 5/5
   626 | D:1      | Reached XP level 2. HP: 10/13 MP: 6/6
   916 | D:1      | Found a faded altar of an unknown god.
   996 | D:1      | Learned a level 2 spell: Ensorcelled Hibernation
  1293 | D:2      | Reached skill level 5 in Stealth
  1293 | D:2      | Reached XP level 3. HP: 14/16 MP: 8/8
  1756 | D:2      | Noticed Natasha
  1766 | D:2      | Killed from afar by a shadow imp

Illustrated notes

Levels and vault maps discovered:
D:1:      lightli_arrival_flooded_house, layout_basic,
          hellmonk_ecumenical_altar_blasted, feat_on_display
D:2:      layout_loops_corners, serial_bayou_pond_c, uniq_natasha

Skill      XL: |  1  2  3 |
---------------+----------+-----
Dodging        | 3 |  3.6
Short Blades   | 2 3 |  3.1
Stealth        | 5 |  5.2
Spellcasting   | |  2.6
Hexes          | |  3.6

Action                   || total
-------------------------++-------
Melee: Dagger            ||   108
  Use: Scroll            ||     5
 Stab: Sleeping          ||     7
Armor: Robe              ||     5
Dodge: Dodged            ||    82

Table legend: (Time is in decaauts)
 A = Elapsed time spent in this place.
 B = Non-inter-level travel time spent in this place.
 C = Inter-level travel time spent in this place.
 D = Time resting spent in this place.
 E = Time spent auto-exploring this place.
 F = Levels seen in this place.
 G = Mean time per level.
                   A        B        C        D        E       F      G
               +--------+--------+--------+--------+--------+-----+--------+
         Total |   1469 |   1448 |     21 |    711 |    519 |   2 |  734.5 |
       Dungeon |   1469 |   1448 |     21 |    711 |    519 |   2 |  734.5 |
               +--------+--------+--------+--------+--------+-----+--------+

Top non-repeatable levels by time:
     D:1: 862 daAuts
     D:2: 606 daAuts
